 Dungeon Crawl Stone Soup version 0.32-a0-918-g0f22ef8d61 (webtiles) character file.

Game seed: 13756186320199846311

1065 Shayle the Apothecary (level 8, -4/60 HPs)
             Began as a Coglin Alchemist on Apr 10, 2024.
             Slain by a yak (17 damage)
             ... on level 5 of the Dungeon.
             The game lasted 00:24:00 (5241 turns).

Shayle the Apothecary (Coglin Alchemist)            Turns: 5241, Time: 00:24:01

Health: -4/60      AC:  3    Str:  8    XL:     8   Next: 27%
Magic:  2/13       EV: 12    Int: 18    God:
Gold:   51         SH:  0    Dex: 14    Spells: 10/14 levels left

rFire   . . .        c - +0 dagger {Natsumi}
rCold   . . .        f - +0 hand axe {Goro}
rNeg    . . .        a - +0 robe
rPois   .            (no helmet)
rElec   .            o - +0 cloak
rCorr   .            (no gloves)
SInv    .            (no boots)
Will    .....        (amulet unavailable)
Stlth   ++           (ring unavailable)
HPRegen 0.30/turn    (ring unavailable)
MPRegen 0.13/turn    (no gizmo)

%: no passive effects
@: brilliant, revved
A: off-hand wielding, slow wielding, warmup strikes, no jewellery
a: Invent Gizmo


You were on level 5 of the Dungeon.
You visited 1 branch of the dungeon, and saw 5 of its levels.

You collected 226 gold pieces.
You spent 175 gold pieces at shops.

Inventory:

Hand Weapons
 c - a +0 dagger (weapon) {Natsumi}
 d - a +0 club {Agam}
 f - a +0 hand axe (offhand) {Goro}
 s - a +1 sling of freezing
Missiles
 l - 6 boomerangs
Armour
 a - a +0 robe (worn)
 o - a +0 cloak (worn)
Scrolls
 e - a scroll of vulnerability
 h - 3 scrolls of teleportation
 k - a scroll of silence
Potions
 b - 2 potions of magic
 g - a potion of haste
 i - 2 potions of attraction
 j - a potion of curing
 m - 2 potions of might
 n - a potion of brilliance
 p - a potion of invisibility
 q - a potion of heal wounds {unknown}
 r - a potion of mutation {unknown}


   Skills:
 + Level 3.9 Fighting
 + Level 4.1 Dodging
 - Level 1.5 Stealth
 + Level 3.8 Spellcasting
 + Level 3.8 Conjurations
 + Level 5.6 Alchemy


You had 10 spell levels left.
You knew the following spells:

 Your Spells              Type           Power      Damage    Failure   Level
a - Sting                 Conj/Alch      100%       1d9       2%          1
b - Mephitic Cloud        Conj/Alch/Air  22%        N/A       12%         3

Your spell library contained the following spells:

 Spells                   Type           Power      Damage    Failure   Level
 Mercury Vapours          Alch/Air       40%        N/A       7%          2
 Olgreb's Toxic Radiance  Alch           35%        N/A       14%         4
 Inner Flame              Hex/Fire       5%         N/A       41%         3
 Sticky Flame             Fire/Alch      20%        2d6       43%         4
 Irradiate                Conj/Alch      15%        3d16      52%         5
 Ignition                 Fire           2%         3d3       100%        8


Dungeon Overview and Level Annotations

Branches:
Dungeon (5/15)
 Temple: D:4-7

Altars:
Elyvilon
Gozag
Qazlal
Ru
Uskayaw
Vehumet

Shops:
D:3 =[[   D:4 ?


Innate Abilities, Weirdness & Mutations

You can wield a second weapon in your off-hand.
It takes a long time for you to wield or remove held weapons.
Your first few attacks do less damage.
You cannot equip rings or amulets.


Message History

The yak is killed!
The yak is engulfed in noxious fumes.
The yak appears confused.
Your Dodging skill increases to level 4!
You have reached level 8!
You feel clever.
You see here a yak corpse.
You hit the yak with your +0 hand axe.
The yak is almost dead.
You hit the yak but do no damage. You hit the yak with your +0 dagger.
The yak is engulfed in noxious fumes.
The yak appears confused.
The yak is engulfed in noxious fumes.
The yak appears confused.
The yak gores you.
Unknown command.
The yak is engulfed in noxious fumes.
The yak appears confused.
The yak is engulfed in noxious fumes.
The yak appears confused.
You hit the yak with your +0 hand axe.
You kill the yak!
The yak is engulfed in noxious fumes.
The yak appears confused.
The yak closely misses the yak.
You hit the yak with your +0 dagger.
The yak is heavily wounded.
You hit the yak with your +0 hand axe.
The yak is engulfed in noxious fumes.
The yak appears confused.
The yak gores the yak!
The yak closely misses you.
The yak gores itself.
You hit the yak but do no damage.
The yak is almost dead.
You hit the yak but do no damage.
The yak is engulfed in noxious fumes.
The yak gores the yak.
You hit the yak with your +0 dagger.
The yak is almost dead.
You hit the yak but do no damage.
The yak is engulfed in noxious fumes.
The yak gores you!
* * * LOW HITPOINT WARNING * * *
Unknown command.
You aren't carrying any items that you can evoke.
Unknown command.
It was a potion of brilliance.
You feel clever all of a sudden.
The yak is engulfed in noxious fumes.
The yak gores you!
You die...

##.##. ...>.
#####..#####
#..........#
#....^.....#
#..........#
#..........####
#...$.:..YYY@.#
.####.........°##.#
...............##.#
...............##.#
.......##########.#
.....## #.#
.....### #.#
........ #.#
........ #.#


You could see 3 yaks.

Vanquished Creatures
  3 yaks (D:5)
  An ogre (D:5)
  2 scorpions (D:4)
  3 bombardier beetles
  A jelly (D:4)
  4 iguanas (D:4)
  Natasha (D:3)
  2 orc wizards (D:5)
  5 adders
  A gnoll (D:2)
  A dart slug (D:1)
  A ribbon worm (D:2)
  7 orcs
  4 endoplasms
  4 giant cockroaches
  3 goblins
  3 hobgoblins
  6 jackals (D:2)
  11 kobolds
  A quokka (D:2)
  6 ball pythons
  6 bats
  3 frilled lizards
  3 rats
82 creatures vanquished.

Notes
Turn   | Place    | Note
-------+----------+-------------------------------------------
     0 | D:1      | Shayle the Coglin Alchemist began the quest for the Orb.
     0 | D:1      | Reached XP level 1. HP: 13/13 MP: 3/3
    96 | D:1      | Reached skill level 1 in Conjurations
   609 | D:1      | Reached XP level 2. HP: 18/20 MP: 4/4
  1548 | D:2      | Reached XP level 3. HP: 25/25 MP: 4/6
  1678 | D:2      | Reached skill level 1 in Fighting
  1806 | D:2      | Found a hide-covered altar of Uskayaw.
  1889 | D:2      | Found a faded altar of an unknown god.
  1940 | D:2      | Learned a level 3 spell: Mephitic Cloud
  2005 | D:2      | Reached XP level 4. HP: 32/32 MP: 4/7
  2434 | D:3      | Noticed Natasha
  2554 | D:3      | Found Giwuupel's Armour Shop.
  2869 | D:3      | Killed Natasha
  2963 | D:3      | Found Ithrostrei's Jewellery Shoppe.
  2974 | D:3      | Reached skill level 4 in Alchemy
  2974 | D:3      | Reached XP level 5. HP: 32/38 MP: 5/8
  3265 | D:3      | Found Destyj's Antique Armour Emporium.
  3268 | D:3      | Bought a cloak for 103 gold pieces
  3453 | D:4      | Found Jien Kue's Magic Scroll Boutique.
  3471 | D:4      | Reached XP level 6. HP: 44/44 MP: 1/10
  3546 | D:4      | Bought a scroll of identify for 24 gold pieces
  3546 | D:4      | Bought a scroll of identify for 24 gold pieces
  3546 | D:4      | Bought a scroll of identify for 24 gold pieces
  4133 | D:4      | Reached XP level 7. HP: 51/51 MP: 4/11
  4561 | D:4      | Found a white marble altar of Elyvilon.
  4607 | D:5      | Entered Level 5 of the Dungeon
  4625 | D:5      | Found a stormy altar of Qazlal.
  4632 | D:5      | Found an opulent altar of Gozag.
  4641 | D:5      | Found a radiant altar of Vehumet.
  4654 | D:5      | Found a sacrificial altar of Ru.
  4754 | D:5      | Noticed a yak
  4811 | D:5      | Reached skill level 5 in Alchemy
  5201 | D:5      | Noticed a yak
  5203 | D:5      | Noticed a yak
  5203 | D:5      | Noticed a yak
  5209 | D:5      | Noticed a yak
  5209 | D:5      | Noticed a yak
  5232 | D:5      | Killed a yak
  5234 | D:5      | Killed a yak
  5235 | D:5      | Reached XP level 8. HP: 30/60 MP: 1/13
  5237 | D:5      | Killed a yak
  5241 | D:5      | Slain by a yak

Illustrated notes

Levels and vault maps discovered:
D:1:      nicolae_arrival_somewhat_less_tricky_arrival, layout_basic,
          kennysheep_nondescript
D:2:      layout_basic, basic_altar, hellmonk_ecumenical_altar_leap_of_faith,
          cheibrodos_gnoll_hut
D:3:      layout_basic, serial_shops, shop_statue, nicolae_shop_behind_doors,
          shop, kennysheep_minor_cross, serial_bayou_pond_d, uniq_natasha
D:4:      layout_loops_ring, nicolae_elyvilon_temple_path, serial_shops,
          nicolae_shop_stone
D:5:      layout_basic, minitemple

Skill      XL: |  1  2  3  4  5  6  7 |
---------------+----------------------+-----
Conjurations   | 1 2 3 |  3.8
Dodging        | 2 3 4 |  4.1
Spellcasting   | 2 3 |  3.8
Fighting       | 1 2 3 |  3.9
Alchemy        | 4 5 |  5.6
Stealth        | |  1.5

Action                     |  1- 3 |  4- 6 |  7- 9 || total
---------------------------+-------+-------+-------++-------
  Melee: Unarmed           |     5 |       |       ||     5
         Dagger            |    47 |    48 |    43 ||   138
         Club              |     4 |       |       ||     4
         Hand axe          |    47 |    48 |    46 ||   141
   Cast: Sting             |    29 |    50 |     7 ||    86
         Mephitic Cloud    |       |     6 |     9 ||    15
    Use: Potion            |       |     1 |     2 ||     3
         Scroll            |       |     4 |     3 ||     7
   Stab: Sleeping          |     3 |     2 |       ||     5
         Confused          |       |     2 |    10 ||    12
 Armour: Robe              |    40 |    28 |    26 ||    94
  Dodge: Dodged            |    55 |    30 |    26 ||   111

Table legend: (Time is in decaauts)
 A = Elapsed time spent in this place.
 B = Non-inter-level travel time spent in this place.
 C = Inter-level travel time spent in this place.
 D = Time resting spent in this place.
 E = Time spent auto-exploring this place.
 F = Levels seen in this place.
 G = Mean time per level.
                   A        B        C        D        E       F      G
               +--------+--------+--------+--------+--------+-----+--------+
         Total |   5274 |   5048 |    226 |    847 |   3263 |   5 | 1054.8 |
       Dungeon |   5274 |   5048 |    226 |    847 |   3263 |   5 | 1054.8 |
               +--------+--------+--------+--------+--------+-----+--------+

Top non-repeatable levels by time:
     D:1: 1426 daAuts
     D:4: 1195 daAuts
     D:2: 1049 daAuts
     D:3: 961 daAuts
     D:5: 641 daAuts
